 Dungeon Crawl Stone Soup version 0.25-a0-1130-g3926558f3a (webtiles) character file.

Game seed: 9314916202854229762, levelgen mode: deterministic

284 MisterFreud the Slasher (level 6, -4/43 HPs)
             Began as an Octopode Gladiator on May 19, 2020.
             Killed by nerve-wracking pain
             ... invoked by a shadow imp
              (11 damage)
             ... on level 4 of the Dungeon.
             The game lasted 00:05:25 (3274 turns).

MisterFreud the Slasher (Octopode Gladiator)        Turns: 3274, Time: 00:05:26

Health: -4/43      AC:  2    Str: 13      XL:     6   Next: 29%
Magic:  6/6        EV: 13    Int: 10 (13) God:
Gold:   138        SH:  0    Dex: 10 (13) Spells: 5/5 levels left

rFire    . . .     SeeInvis .   a - +0 long sword
rCold    . . .     Gourm    .   (no shield)
rNeg     . . .     Faith    .   b - +1 hat
rPois    .         Spirit   .   (no amulet)
rElec    .         Reflect  .   (no ring)
rCorr    .         Harm     .   (no ring)
MR       .....                  (no ring)
Stlth    ++........             (no ring)
HPRegen  0.14/turn              (no ring)
MPRegen  0.10/turn              (no ring)
                                (no ring)
                                (no ring)

@: mighty
A: almost no armour, stealthy swim, amphibious, 8 rings, constrict 8, camouflage
1, gelatinous body 1
a: no special abilities


You were on level 4 of the Dungeon.
You were not hungry.

You visited 1 branch of the dungeon, and saw 5 of its levels.

You collected 138 gold pieces.

Inventory:

Hand Weapons
 a - a +0 long sword (weapon)
Missiles
 c - 3 throwing nets (quivered)
 j - 33 poisoned darts
Armour
 b - a +1 hat (worn)
Scrolls
 f - a scroll of fear
 g - 2 scrolls of amnesia
 k - 2 scrolls of teleportation
 l - 2 scrolls of identify
Comestibles
 d - 11 rations


   Skills:
 - Level 4.0 Fighting
 + Level 5.8 Long Blades
 - Level 2.0 Throwing
 - Level 3.0 Dodging


You had 5 spell levels left.
You didn't know any spells.
Your spell library was empty.

Dungeon Overview and Level Annotations

Branches:
Dungeon (5/15)
 Temple: D:4-7

Altars:
Dithmenos
Makhleb
Xom

Annotations:
D:4 Grinder


Innate Abilities, Weirdness & Mutations

You cannot wear most types of armour.
You are very stealthy in the water. (Stealth+)
You are amphibious.
You can wear up to eight rings at the same time.
You can use your tentacles to constrict eight enemies at once.
Your skin changes colour to match your surroundings (Stealth+).
Your rubbery body absorbs attacks. (AC +1, EV +1)


Message History

The iguana bites you.
* * * LOW HITPOINT WARNING * * *
The shadow imp closely misses you.
Unknown command.
You aren't carrying any potions.
Unknown command.
Unknown command.
You barely miss the iguana. You squeeze the iguana!
The iguana is heavily wounded.
You constrict the iguana. The iguana barely misses you.
The shadow imp barely misses you.
Unknown command.
You barely miss the iguana.
The iguana is heavily wounded.
You constrict the iguana. The iguana closely misses you.
You riposte.
You slash the iguana!
You kill the iguana!
The shadow imp gestures at you. Pain shoots through your body!
You die...

####
#..
#5#
#@#
#†#
#.#
#..
###


You could see a shadow imp.

Vanquished Creatures
  A scorpion (D:5)
  A hound (D:3)
  Jessica (D:3)
  2 iguanas
  A worker ant (D:3)
  A gnoll (D:4)
  2 adders (D:2)
  An ooze (D:5)
  3 worms (D:2)
  A leopard gecko (D:5)
  An orc (D:3)
  A ball python (D:5)
  5 bats
  9 goblins
  11 hobgoblins
  4 jackals (D:4)
  7 kobolds
  4 quokkas
  3 frilled lizards
  2 rats
61 creatures vanquished.

Notes
Turn   | Place    | Note
-------+----------+-------------------------------------------
     0 | D:1      | MisterFreud the Octopode Gladiator began the quest for the
                  | Orb.
     0 | D:1      | Reached XP level 1. HP: 14/14 MP: 1/1
   302 | D:1      | Reached XP level 2. HP: 13/20 MP: 2/2
  1026 | D:2      | Reached XP level 3. HP: 26/26 MP: 3/3
  1834 | D:2      | Reached XP level 4. HP: 33/33 MP: 4/4
  2011 | D:3      | Noticed Jessica
  2013 | D:3      | Killed Jessica
  2470 | D:3      | Reached skill level 4 in Long Blades
  2605 | D:3      | Found a shimmering altar of Xom.
  2716 | D:3      | Found a burning altar of Makhleb.
  2721 | D:3      | Reached XP level 5. HP: 37/37 MP: 5/5
  2908 | D:4      | Noticed Grinder
  2925 | D:5      | Entered Level 5 of the Dungeon
  2930 | D:5      | Reached skill level 5 in Long Blades
  2967 | D:5      | HP: 1/37 [iguana (13)]
  3207 | D:5      | Reached XP level 6. HP: 18/43 MP: 6/6
  3224 | D:5      | Found a shadowy altar of Dithmenos.
  3274 | D:4      | Killed from afar by a shadow imp

Illustrated notes

Levels and vault maps discovered:
D:1:      wander_arrival_estate, layout_basic
D:2:      layout_loops_ring, first_ration, grunt_ministairs_8,
          minmay_pentomino_t2
D:3:      layout_loops_ring, marbit_many_paths, makhleb_blood_cavern_becter,
          uniq_jessica
D:4:      layout_loops_cross, uniq_pikel, uniq_grinder
D:5:      layout_basic, lightli_ossuary_entry_decrepit_ruins,
          minmay_misc_feat_tiny, nicolae_dithmenos_through_a_glass_darkly,
          uniq_menkaure

Skill      XL: |  1  2  3  4  5 |
---------------+----------------+-----
Fighting       | 3 4 |  4.0
Long Blades    | 4 5 |  5.8
Throwing       | |  2.0
Dodging        | |  3.0

Action                   |  1- 3 |  4- 6 || total
-------------------------+-------+-------++-------
Melee: Long sword        |    58 |    69 ||   127
       Constrict         |    16 |    25 ||    41
       Tentacles         |     9 |    14 ||    23
  Use: Potion            |       |     9 ||     9
       Scroll            |       |     7 ||     7
 Stab: Sleeping          |     8 |     6 ||    14
       Invisible         |       |     1 ||     1
  Eat: Chunk             |     3 |     4 ||     7
Armor: Skin              |     1 |     6 ||     7
Dodge: Dodged            |    40 |    63 ||   103
       Rpst.: Long sword |    14 |    22 ||    36

Table legend:
 A = Non-vault XP
 B = Vault XP
 C = Vault XP percentage of total XP
 D = Non-vault monster count
 E = Vault monster count
 F = Vault count percentage of total count
                 A         B        C        D         E       F
            +---------+---------+-------+---------+---------+-------
      Total |     313 |      93 |  22.9 |      54 |       7 |  11.5
            +---------+---------+-------+---------+---------+-------
        D:1 |      13 |       0 |   0.0 |       7 |       0 |   0.0
        D:2 |      63 |      11 |  14.9 |      20 |       4 |  16.7
        D:3 |      57 |      82 |  59.0 |      15 |       3 |  16.7
        D:4 |      61 |       0 |   0.0 |       7 |       0 |   0.0
        D:5 |     119 |       0 |   0.0 |       5 |       0 |   0.0
            +---------+---------+-------+---------+---------+-------
